 Dungeon Crawl Stone Soup version 0.31.0 (webtiles) character file.

Game seed: 10901720427003050220

52 HakonGodeson the Covered (level 3, -2/29 HPs)
             Began as a Human Fighter on Jan 20, 2024.
             Slain by an orc
             ... wielding a +0 whip
              (4 damage)
             ... on level 3 of the Dungeon.
             The game lasted 00:01:42 (463 turns).

HakonGodeson the Covered (Human Fighter)             Turns: 463, Time: 00:01:42

Health: -2/29      AC:  6    Str: 16    XL:     3   Next: 85%
Magic:  3/3        EV:  9    Int: 10    God:
Gold:   10         SH:  4    Dex: 12    Spells: 2/2 levels left

rFire   . . .        a - +0 war axe
rCold   . . .        c - +0 buckler
rNeg    . . .        b - +0 scale mail
rPois   .            (no helmet)
rElec   .            (no cloak)
rCorr   .            (no gloves)
SInv    .            (no boots)
Will    .....        (no amulet) Stlth
                     (no ring)
HPRegen 0.24/turn    (no ring)
MPRegen 0.08/turn

%: no passive effects
@: hasted, very quick
A: explore regen
a: no special abilities


You were on level 3 of the Dungeon.
You visited 1 branch of the dungeon, and saw 3 of its levels.

You collected 10 gold pieces.

Inventory:

Hand Weapons
 a - a +0 war axe (weapon)
Armour
 b - a +0 scale mail (worn)
 c - a +0 buckler (worn)
Potions
 d - a potion of might


   Skills:
 * Level 3.3 Fighting
 * Level 2.5 Axes
 * Level 3.4 Armour
 * Level 0.9 Dodging
 * Level 0.8 Stealth
 * Level 3.2 Shields


You had 2 spell levels left.
You didn't know any spells.
Your spell library contained the following spells:

 Spells                   Type           Power      Damage    Failure   Level
 Volatile Blastmotes      Fire/Tloc      0%         2d10      99%         3
 Fulminant Prism          Conj/Alch      0%         3d5       100%        4
 Iskenderun's Mystic Bla  Conj/Tloc      0%         2d3       100%        4


Dungeon Overview and Level Annotations

Branches:
Dungeon (3/15)

Altars:


Innate Abilities, Weirdness & Mutations

You regain HP and MP as you explore.


Message History

You hit the dart slug but do no damage.
The dart slug is lightly wounded.
You slash the orc!
You kill the orc!
The dart slug launches a dart at you. The slug dart misses you.
The dart slug launches a dart at you.
The slug dart hits you but does no damage.
The dart slug launches a dart at you. The slug dart hits you.
You completely miss the dart slug. You slash the dart slug!
You kill the dart slug!
You slash the dart slug!
You kill the dart slug!
You barely miss the orc. The dart slug launches a dart at you.
The slug dart hits you. The orc hits you but does no damage.
The dart slug launches a dart at you. The slug dart misses you.
You hit the orc.
The orc is heavily wounded.
The orc hits you but does no damage. The dart slug launches a dart at you.
The slug dart hits you.
* * * LOW HITPOINT WARNING * * *
You barely miss the orc.
The orc is heavily wounded.
The orc barely misses you. The dart slug launches a dart at you.
The slug dart hits you.
* * * LOW HITPOINT WARNING * * *
You barely miss the orc.
The orc is heavily wounded.
You block the orc's attack. The dart slug launches a dart at you.
The slug dart hits you.
* * * LOW HITPOINT WARNING * * *
The dart slug launches a dart at you. The slug dart misses you.
The orc hits you with a +0 whip.
You die...

.....~≈w≈≈~~....#
#.#..≈~w#≈≈~~~≈w#.##
#...~#≈#≈≈~~~#≈≈~..#
....≈≈≈≈≈~~≈≈≈≈≈≈.#
#.#~~≈≈≈~~≈≈≈≈≈≈≈≈#
..~≈~#≈≈~~~≈~≈.≈#
#.~~~[[.#...~~~?#
#!.~~⌠?.@.<..!..#≈.
#.#≈~#⌠~≈o).~~..~≈~.
#>~~≈≈≈~≈~~~~~~#≈≈~#
#..~w≈≈≈≈~≈~~≈≈≈~≈##
#...~≈#≈#≈≈~≈≈≈≈≈.#
#..#≈≈≈≈≈≈~~≈≈≈≈≈...
#..##~w#≈~~≈≈≈w~####
#. ...~~≈≈~≈≈..#
##~~.~~##.#


You could see 5 dart slugs and an orc.

Vanquished Creatures
  2 adders (D:2)
  5 dart slugs
  2 orcs (D:3)
  2 bats (D:2)
  An endoplasm (D:2)
  3 hobgoblins
  2 jackals (D:1)
  A quokka (D:2)
  2 ball pythons
  2 rats
22 creatures vanquished.

Notes
Turn   | Place    | Note
-------+----------+-------------------------------------------
     0 | D:1      | HakonGodeson the Human Fighter began the quest for the Orb.
     0 | D:1      | Reached XP level 1. HP: 18/18 MP: 1/1
   110 | D:1      | Reached XP level 2. HP: 24/24 MP: 2/2
   244 | D:2      | Reached XP level 3. HP: 29/29 MP: 3/3
   463 | D:3      | Slain by an orc

Illustrated notes

Levels and vault maps discovered:
D:1:      evilmike_arrival_crescent, layout_basic,
          hellmonk_ecumenical_altar_heavens_door
D:2:      layout_basic, minmay_cut_off
D:3:      kennysheep_slugbush, layout_loops_ring, uniq_robin

Action                     || total
---------------------------++-------
  Melee: War axe           ||    78
    Use: Potion            ||     2
 Armour: Scale mail        ||   107
  Dodge: Dodged            ||    49
  Block: Buckler           ||    21
